 Dungeon Crawl Stone Soup version 0.31.0-12-g77e489cdc1 (webtiles) character file.

Game seed: 15802058901461428708

57 ChadusMaximus the Caller (level 4, -2/33 HPs)
             Began as a Barachi Summoner on Mar 6, 2024.
             Incinerated by a bombardier beetle (6 damage)
             ... with a burning spray
             ... on level 3 of the Dungeon.
             The game lasted 00:02:07 (1630 turns).

ChadusMaximus the Caller (Barachi Summoner)         Turns: 1630, Time: 00:02:07

Health: -2/33      AC:  3    Str:  9    XL:     4   Next: 0%
Magic:  1/8        EV: 12    Int: 17    God:
Gold:   112        SH:  0    Dex: 13    Spells: 2/8 levels left

rFire   . . .        j - +3 falchion
rCold   . . .        (no shield)
rNeg    . . .        a - +0 robe
rPois   .            i - +0 helmet
rElec   .            h - scarf {+Inv}
rCorr   .            (no gloves)
SInv    .            (no boots)
Will    .....        (no amulet)
Stlth   +            (no ring)
HPRegen 0.25/turn    (no ring)
MPRegen 0.11/turn

%: no passive effects
@: on fire, glowing, inugami summoned, slow
A: amphibious, slowness 1, strong legs 1, +LOS
a: Hop, Evoke Invisibility


You were on level 3 of the Dungeon.
You visited 1 branch of the dungeon, and saw 3 of its levels.

You collected 112 gold pieces.

Inventory:

Hand Weapons
 e - a +0 dagger
 j - a +3 falchion (weapon)
Armour
 a - a +0 robe (worn)
 h - a scarf of invisibility (worn)
 i - a +0 helmet (worn)
Jewellery
 k - a ring of flight
Scrolls
 d - 3 scrolls of identify {unknown}
 f - 3 scrolls of amnesia {unknown}
 g - a scroll of noise {unknown}
 m - a scroll of acquirement {unknown}
Potions
 b - a potion of magic
 c - 2 potions of might {unknown}
 l - 2 potions of curing {unknown}
 n - a potion of lignification {unknown}


   Skills:
 + Level 1.7 Fighting
 - Level 2.1 Dodging
 - Level 1.7 Stealth
 + Level 2.7 Spellcasting
 * Level 5.8 Summonings


You had 2 spell levels left.
You knew the following spells:

 Your Spells              Type           Power      Damage    Failure   Level
a - Summon Small Mammal   Summ           88%        N/A       1%          1
b - Call Canine Familiar  Summ           22%        N/A       4%          3
c - Call Imp              Summ           44%        N/A       2%          2

Your spell library contained the following spells:

 Spells                   Type           Power      Damage    Failure   Level
 Stone Arrow              Conj/Erth      4%         3d7       47%         3
 Animate Armour           Summ/Erth      24%        N/A       47%         4
 Summon Blazeheart Golem  Fire/Summ      12%        N/A       47%         4
 Summon Lightning Spire   Summ/Air       12%        N/A       47%         4
 Lehudib's Crystal Spear  Conj/Erth      1%         10d2      100%        8


Dungeon Overview and Level Annotations

Branches:
Dungeon (3/15)

Altars:

Shops:
D:1 *


Innate Abilities, Weirdness & Mutations

You are amphibious.
You cover ground slowly.
You can hop short distances.
You have an extended range of vision and can be seen from far away.


Message History

The liquid fire burns you!
Your cerulean imp burns!
Your cerulean imp hits the bombardier beetle but does no damage.
Unknown command.
The liquid fire burns you!
Your cerulean imp burns!
Your cerulean imp dies!
Your cerulean imp disappears in a puff of smoke!
Your inugami hits the bombardier beetle.
The liquid fire burns you!
Your inugami hits the bombardier beetle.
Unknown command.
The liquid fire burns you!
The bombardier beetle sprays incendiary fluid at you.
The burning spray hits you.
You are even more covered in liquid fire!
Your inugami hits the bombardier beetle but does no damage.
Unknown command.
Casting: Call Imp (safe; 2% risk of failure)
Confirm with . or Enter, or press ? or * to list all spells.
A tiny devil pulls itself out of the air.
The liquid fire burns you!
Your inugami hits the bombardier beetle.
Unknown command.
You shake off some of the fire as you move.
The liquid fire burns you!
* * * LOW HITPOINT WARNING * * *
Your inugami hits the bombardier beetle.
Unknown command.
You shake off some of the fire as you move.
The liquid fire burns you!
* * * LOW HITPOINT WARNING * * *
Your cerulean imp hits the bombardier beetle but does no damage.
Your inugami hits the bombardier beetle.
The bombardier beetle sprays incendiary fluid at your cerulean imp.
The burning spray hits your cerulean imp.
Unknown command.
You shake off some of the fire as you move.
The liquid fire burns you!
You die...

##... ##.....#
#######...###..#####
........#.#...##
#........#.###
#............#
#.####.###..#...#...#
#.............#####.#
#####.).###...#####.#.
....>.B(5...@..<........
####.#h####........#####
.. #. #.........# #. .
#.####.##.# . .# #!#
..#... #. ..# #.# #.# #
.... .# .# ##### .# # .#


You could see a bombardier beetle (distracted, ally target), a friendly cerulean
imp (summoned, burning) and a friendly inugami (summoned).

Vanquished Creatures
  4 ball pythons
  2 endoplasms (D:1)
  3 giant cockroaches
  3 goblins (D:1)
  4 hobgoblins
  A kobold (D:2)
  3 quokkas
  6 bats
  4 frilled lizards
30 creatures vanquished.

Vanquished Creatures (collateral kills)
  2 adders (D:2)
  A hobgoblin (D:1)
  A bat (D:1)
  A frilled lizard (D:1)
  2 kobolds
7 creatures vanquished.

Grand Total: 37 creatures vanquished

Notes
Turn   | Place    | Note
-------+----------+-------------------------------------------
     0 | D:1      | ChadusMaximus the Barachi Summoner began the quest for the
                  | Orb.
     0 | D:1      | Reached XP level 1. HP: 13/13 MP: 3/3
    93 | D:1      | Reached skill level 5 in Summonings
   177 | D:1      | Reached XP level 2. HP: 20/20 MP: 5/5
   227 | D:1      | Found Acoatone's Assorted Antiques.
   376 | D:1      | Reached skill level 1 in Fighting
   427 | D:1      | Found a faded altar of an unknown god.
   881 | D:2      | Reached XP level 3. HP: 26/26 MP: 6/6
   885 | D:2      | Learned a level 3 spell: Call Canine Familiar
   889 | D:2      | Learned a level 2 spell: Call Imp
  1619 | D:3      | Reached XP level 4. HP: 33/33 MP: 2/8
  1630 | D:3      | Incinerated by a bombardier beetle

Illustrated notes

Levels and vault maps discovered:
D:1:      spicycebolla_arrival_clurvy, layout_loops_ring, serial_shops,
          nicolae_shop_behind_doors, hellmonk_ecumenical_altar_crossroads,
          corner_web_ring
D:2:      layout_loops_ring
D:3:      minmay_goblin_kobold_castle, layout_rooms, uniq_jessica,
          uniq_crazy_yiuf_cottage

Skill      XL: |  1  2 |
---------------+-------+-----
Summonings     | 5 |  5.8
Fighting       | 1 |  1.7
Dodging        | |  2.1
Stealth        | |  1.7
Spellcasting   | |  2.7

Action                     |  1- 3 |  4- 6 || total
---------------------------+-------+-------++-------
  Melee: Dagger            |    13 |       ||    13
         Unarmed           |     2 |       ||     2
         Falchion          |    75 |       ||    75
         Punch             |     1 |       ||     1
   Cast: Summon Small Mamm |     2 |       ||     2
         Call Imp          |     3 |     1 ||     4
         Call Canine Famil |     3 |       ||     3
   Stab: Sleeping          |    10 |       ||    10
 Armour: Robe              |    41 |       ||    41
  Dodge: Dodged            |    95 |       ||    95
